 Dungeon Crawl Stone Soup version 0.28.0 (webtiles) character file.

Game seed: 8204536709467606867

686 DildoBatman the Conjurer (level 7, -5/50 HPs)
             Began as a Formicid Conjurer on Feb 10, 2022.
             Was an Initiate of Kikubaaqudgha.
             Slain by an ogre (19 damage)
             ... on level 6 of the Dungeon.
             The game lasted 00:12:17 (4121 turns).

DildoBatman the Conjurer (Formicid Conjurer)        Turns: 4121, Time: 00:12:18

Health: -5/50      AC:  4    Str: 11    XL:     7   Next: 94%
Magic:  7/15       EV: 12    Int: 18    God:    Kikubaaqudgha [......]
Gold:   220        SH:  0    Dex: 11    Spells: 14/17 levels left

rFire   . . .      SeeInvis +   a - +0 falchion
rCold   . . .      Faith    .   (no shield)
rNeg    . . .      Spirit   .   o - +1 robe {Will+}
rPois   .          Reflect  .   (helmet unavailable)
rElec   .          Harm     .   (no cloak)
rCorr   .          Rampage  .   d - +0 pair of gloves
Will    +....                   (no boots)
Stlth   ++........              (no amulet)
HPRegen 0.16/turn               (no ring)
MPRegen 0.14/turn               (no ring)

@: lethally poisoned (-5 -> -12)
A: permanent stasis, dig shafts and tunnels, antennae 3, four strong arms
a: Dig, Shaft Self, Renounce Religion


You were on level 6 of the Dungeon.
You worshipped Kikubaaqudgha.
Kikubaaqudgha was noncommittal.
You visited 2 branches of the dungeon, and saw 7 of its levels.

You collected 220 gold pieces.

Inventory:

Hand Weapons
 a - a +0 falchion (weapon)
 b - a +1 vampiric short sword
Missiles
 f - 133 stones
 g - 41 sling bullets
 q - 24 arrows
Armour
 d - a +0 pair of gloves (worn)
 o - a +1 robe of willpower (worn)
Jewellery
 l - a ring of positive energy
Wands
 p - a wand of flame (33)
Scrolls
 h - a scroll of vulnerability {unknown}
 k - 3 scrolls of noise {unknown}
 m - a scroll of enchant armour {unknown}
 r - a scroll of identify {unknown}
Potions
 c - 4 potions of curing {unknown}
 e - 2 potions of cancellation {unknown}
 i - 3 potions of heal wounds
 j - a potion of lignification {unknown}
 n - a potion of haste {unknown}
 s - 2 potions of brilliance {unknown}


   Skills:
 - Level 2.0 Fighting
 - Level 2.0 Armour
 - Level 1.7 Dodging
 - Level 2.4 Stealth
 * Level 5.8 Spellcasting
 - Level 6.0 Conjurations


You had 14 spell levels left.
You knew the following spells:

 Your Spells              Type           Power      Damage    Failure   Level
a - Searing Ray           Conj           52%        2d6       1%          2
c - Magic Dart            Conj           100%       1d8       1%          1

Your spell library contained the following spells:

 Spells                   Type           Power      Damage    Failure   Level
 Dazzling Flash           Conj/Hex       32%        N/A       11%         3
 Animate Skeleton         Necr           10%        N/A       12%         1
 Apportation              Tloc           10%        N/A       12%         1
 Summon Small Mammal      Summ           20%        N/A       12%         1
 Ensorcelled Hibernation  Hex/Ice        10%        N/A       19%         2
 Passwall                 Tmut/Erth      4%         N/A       19%         2
 Sublimation of Blood     Necr           5%         N/A       19%         2
 Fulminant Prism          Conj/Hex       8%         3d7       34%         4
 Iskenderun's Mystic Bla  Conj/Tloc      16%        2d5       34%         4
 Irradiate                Conj/Tmut      8%         3d16      69%         5
 Petrify                  Tmut/Erth      5%         N/A       77%         4
 Swiftness                Air            Unusable   N/A       N/A         3

Dungeon Overview and Level Annotations

Branches:
Dungeon (6/15)             Temple (1/1) D:4

Altars:
Ashenzari
Dithmenos
Elyvilon
Fedhas
Gozag
Hepliaklqana
Kikubaaqudgha
Ru
Sif Muna
Trog
Uskayaw
Vehumet
Wu Jian
Xom
Yredelemnul
Zin

Shops:
D:3 =   D:4 *   D:6 (

Annotations:
D:3 Terence
D:4 Dowan, Duvessa
D:6 2 exclusions, Menkaure


Innate Abilities, Weirdness & Mutations

You cannot be hasted, slowed, berserked, paralysed or teleported.
You can dig through walls and to a lower floor.
You have a pair of large antennae on your head. (SInv)
Your four strong arms can wield two-handed weapons with a shield.


Message History

You hear a shout!
Casting: Searing Ray (safe; 1% risk of failure)
Confirm with . or Enter, or press ? or * to list all spells.
Aiming: Searing Ray (safe; 1% risk of failure)
Press: ? - help, Shift-Dir - straight line The searing ray hits the scorpion!
The scorpion is moderately wounded. (Press . to maintain the ray.)
The searing ray hits the scorpion.
The scorpion is severely wounded.
The searing ray hits the scorpion.
The scorpion is almost dead.
The searing ray hits the ogre.
The ogre is lightly wounded.
The scorpion closely misses you.
The searing ray hits the scorpion but does no damage.
The scorpion is almost dead.
The searing ray hits the ogre!
The ogre is heavily wounded.
You finish channelling your searing ray.
The scorpion stings you!
You are poisoned.
The scorpion poisons you!
Casting: Searing Ray (safe; 1% risk of failure)
Confirm with . or Enter, or press ? or * to list all spells.
Aiming: Searing Ray (safe; 1% risk of failure)
Press: ? - help, Shift-Dir - straight line The searing ray hits the scorpion.
You kill the scorpion!
Kikubaaqudgha accepts your kill.
The searing ray hits the ogre!
The ogre is severely wounded. (Press . to maintain the ray.)
You feel very sick.
The searing ray hits the ogre.
The ogre is almost dead.
You feel very sick.
The ogre hits you with a +0 giant club!!
You die...
Kikubaaqudgha rasps: "You have failed me!
Welcome... death!"

'{+ #....###.### #.##
##.....#.>..#
.#.###...#..#..###
.#.....#.##.#..##
###...##.#......##
.................##
....#.............#
....#.##..........#
##....#........O@.######
.......#.###...##.8...8#
.....>...#....###......#
...........#####....<..#
...........# ###.......#
...........# #8...∩...8#
..........## #.......###
##.........###..>....#
##.........#......###


You could see an ogre.

Vanquished Creatures
  A necrophage (D:5)
  An ogre (D:5)
  4 scorpions
  2 hounds (D:5)
  Ijyb (D:5)
  2 iguanas (D:5)
  4 adders
  2 dart slugs
  9 orcs
  6 ball pythons
  8 endoplasms
  6 giant cockroaches
  5 goblins
  4 hobgoblins
  10 jackals
  3 kobolds
  4 quokkas
  5 bats
  5 frilled lizards
  7 rats
89 creatures vanquished.

Vanquished Creatures (others)
  6 plants (D:4)
6 creatures vanquished.

Grand Total: 95 creatures vanquished

Notes
Turn   | Place    | Note
-------+----------+-------------------------------------------
     0 | D:1      | DildoBatman the Formicid Conjurer began the quest for the
                  | Orb.
     0 | D:1      | Reached XP level 1. HP: 13/13 MP: 3/3
   225 | D:1      | Reached XP level 2. HP: 19/19 MP: 3/5
   228 | D:1      | Learned a level 2 spell: Searing Ray
   255 | D:1      | Reached skill level 4 in Conjurations
   486 | D:1      | Reached XP level 3. HP: 24/24 MP: 2/6
   490 | D:1      | You fall into a shaft and drop 1 floor!
   678 | D:2      | Found an ornate altar of the Wu Jian Council.
  1021 | D:1      | Found a faded altar of an unknown god.
  1170 | D:1      | Reached XP level 4. HP: 25/30 MP: 1/7
  1476 | D:3      | Reached skill level 5 in Conjurations
  1689 | D:3      | Noticed Terence
  1897 | D:3      | Found Huf Feaduys's Jewellery Shop.
  2289 | D:4      | Reached XP level 5. HP: 33/33 MP: 3/8
  2361 | D:4      | HP: 1/36 [poisoned by an adder]
  2506 | D:4      | Found Jys Fyrph's General Store.
  2662 | D:4      | Found a staircase to the Ecumenical Temple.
  2671 | Temple   | Entered the Ecumenical Temple
  2735 | Temple   | Became a worshipper of Kikubaaqudgha
  2859 | D:4      | Noticed Duvessa
  2909 | D:4      | Noticed Dowan
  3203 | D:5      | Entered Level 5 of the Dungeon
  3218 | D:5      | Reached skill level 1 in Fighting
  3218 | D:5      | Reached skill level 1 in Armour
  3342 | D:5      | Reached XP level 6. HP: 39/43 MP: 1/10
  3576 | D:5      | Noticed Ijyb
  3613 | D:5      | Killed Ijyb
  3627 | D:5      | Noticed a necrophage
  3663 | D:5      | Noticed an ogre
  3669 | D:5      | Killed an ogre
  3670 | D:5      | Reached skill level 6 in Conjurations
  3670 | D:5      | Reached XP level 7. HP: 15/50 MP: 1/13
  3858 | D:5      | Reached skill level 5 in Spellcasting
  3955 | D:6      | Found Yriug's Weapon Shoppe.
  3985 | D:6      | Noticed Menkaure
  4121 | D:6      | Slain by an ogre

Illustrated notes

Levels and vault maps discovered:
D:1:      shiori_arrival_maze, layout_loops_cross,
          hellmonk_ecumenical_altar_crossroads
D:2:      layout_rooms, basic_altar
D:3:      layout_loops_ring, serial_shops, shop, uniq_terence
D:4:      layout_loops_ring, minmay_temple_entry_gardened_gates, serial_shops,
          shop, uniq_duvessa
D:5:      layout_basic, uniq_ijyb
D:6:      layout_cave_pools, mainiacjoe_overflow_alcove_1, okawaru_trees_1,
          nemelex_dance_club_becter, minmay_crystal_water,
          nicolae_stop_n_shop_1, uniq_menkaure
Temple:   nicolae_temple_x_marks_the_god

Skill      XL: |  1  2  3  4  5  6  7 |
---------------+----------------------+-----
Conjurations   | 4 5 6 |  6.0
Fighting       | 1 2 |  2.0
Armour         | 1 2 |  2.0
Spellcasting   | 4 5 |  5.8
Dodging        | |  1.7
Stealth        | |  2.4

Action                   |  1- 3 |  4- 6 |  7- 9 || total
-------------------------+-------+-------+-------++-------
Melee: Unarmed           |     7 |       |       ||     7
       Dagger            |    20 |       |       ||    20
       Short sword       |     9 |    19 |       ||    28
       Punch             |     1 |       |       ||     1
       Falchion          |       |     9 |       ||     9
 Cast: Magic Dart        |    44 |    13 |     8 ||    65
       Searing Ray       |     9 |    26 |     7 ||    42
 Abil: Dig               |       |     3 |       ||     3
 Stab: Sleeping          |     2 |     5 |       ||     7
       Distracted        |     1 |       |       ||     1
Armor: Robe              |     9 |     8 |     2 ||    19
Dodge: Dodged            |    38 |    33 |     3 ||    74
